 Dungeon Crawl Stone Soup version bcrawl-1.39.1 (console) character file.

Game seed: 3273751489053151556

11413906 Lexodia the Eclecticist (level 21, 0/110 HPs)
             Began as an Avariel Fire Elementalist on July 31, 2023.
             Was the Champion of Sif Muna.
             Killed from afar by Xtahua (40 damage)
             ... with a great blast of fire
             ... on level 2 of the Vaults on Aug 1, 2023.
             The game lasted 04:21:52 (35190 turns).

Lexodia the Eclecticist (AvFE)                     Turns: 35190, Time: 04:21:53

Health: 0/110      AC: 28    Str: 13    XL:     21   Next: 34%
Magic:  27/43      EV: 33    Int: 41    God:    Sif Muna [******]
Gold:   1753       SH:  0    Dex: 18    Spells: 0/53 levels left

rFire    + + +     GDR:     32% X - +7 lajatang {holy, +Rage rElec Int+6 Stlth-}
rCold    x . .     Archmagi +   (shield currently unavailable)
rNeg     . . .     SeeInvis .   n - +2 robe {Archmagi}
rPois    +         Gourm    .   b - +2 helmet
rElec    +         Faith    +   T - +2 cloak "Plog" {rPois rF+ rC- Int+3}
rCorr    +         Spirit   .   I - +0 pair of gloves "Dadi" {rPois Str+2}
MR       +++..     Reflect  .   y - +2 pair of boots
Stlth    ++........             Y - amulet of faith
HPRegen  1.28/turn              d - ring "Vucsaiq" {MR+ Str+3}
MPRegen  0.28/turn              k - ring of fire

@: agile, immune to steam clouds, resistant, marked, flying quickly and
evasively, very slightly contaminated, regenerating, hasted, very quick
A: repulsion field 1, blink, cold resistance 1, frail 1, strong 1, able to fly
}: 2/15 runes: serpentine, barnacled
a: Stop Flying, Blink, Divine Energy, Channel Magic, Forget Spell, Moment of
Magic, Renounce Religion, Evoke Berserk Rage


You were on level 2 of the Vaults.
You worshipped Sif Muna.
Sif Muna was exalted by your worship.
You were not hungry.

You visited 7 branches of the dungeon, and saw 28 of its levels.
You also visited: Ossuary.

You collected 2444 gold pieces.
You spent 691 gold pieces at shops.

Inventory:

Hand Weapons
 X - the +7 lajatang of Instinct (weapon) {holy, +Rage rElec Int+6 Stlth-}
   (You found it on level 4 of the Lair of Beasts)

   It has been blessed by the Shining One to cause great damage to the undead
   and demons.
   It affects your intelligence (+6).
   It insulates you from electricity.
   It lets you go berserk.
   It makes you less stealthy.
Armour
 b - a +2 helmet (worn)
 n - a +2 robe of the Archmagi (worn)
 u - a +2 robe of magic recovery
 y - a +2 pair of boots (worn)
 I - the +0 pair of gloves "Dadi" (worn) {rPois Str+2}
   (You acquired it on level 1 of the Vaults)

   It affects your strength (+2).
   It protects you from poison.
 T - the +2 cloak "Plog" (worn) {rPois rF+ rC- Int+3}
   (You bought it in a shop on level 10 of the Dungeon)

   It affects your intelligence (+3).
   It protects you from fire.
   It makes you vulnerable to cold.
   It protects you from poison.
Magical Staves
 q - an uncursed staff of cold
Jewellery
 d - the ring "Vucsaiq" (left hand) {MR+ Str+3}
   (You found it on level 6 of the Lair of Beasts)

   [ring of protection from magic]

   It affects your strength (+3).
   It affects your resistance to hostile enchantments.
 k - a ring of fire (right hand)
 m - an uncursed ring of see invisible
 z - an uncursed ring of wizardry
 V - the ring "Xediol" {+Fly rC+}
   (You found it on level 1 of the Lair of Beasts)

   [ring of flight]

   It protects you from cold.
   It lets you fly.
 W - the cursed ring "Ceni" {Ice Int+3}
   (You took it off a boggart on level 12 of the Dungeon)

   [ring of ice]

   It enhances your ice magic.
   It affects your intelligence (+3).
   It makes you vulnerable to fire.
   It protects you from cold.
   It has a curse placed upon it.
 Y - an amulet of faith (around neck)
Wands
 c - a wand of acid (9)
 C - a wand of charming (12)
 G - a wand of polymorph (20)
 P - a wand of clouds (7)
 R - a wand of digging (17)
 Z - a wand of disintegration (25)
Scrolls
 f - 10 scrolls of enchant weapon
 g - 7 scrolls of teleportation
 h - 2 scrolls of immolation
 j - a scroll of silence
 o - 11 scrolls of remove curse
 s - a scroll of amnesia
 t - 4 scrolls of fog
 v - 3 scrolls of fear
 w - 5 scrolls of revelation
 x - 3 scrolls of blinking
 K - a scroll of torment
 U - 2 scrolls of summoning
Potions
 a - 2 potions of heal wounds
 l - 4 potions of magic
 A - 5 potions of ambrosia
 D - 4 potions of brilliance
 E - 2 potions of mutation
 F - a potion of berserk rage
 H - a potion of agility
 J - a potion of resistance
 M - 11 potions of curing
 N - 2 potions of cancellation
 O - 4 potions of might
 Q - 2 potions of invisibility
Miscellaneous
 i - a phial of floods (inert)
 r - a fan of gales (2/2)
 B - 2 boxes of beasts
 S - a sack of spiders
Comestibles
 e - 50 rations {!d}
 p - a chunk of flesh


   Skills:
 + Level 10.6 Fighting
 * Level 14.9 Staves
 - Level 3.0 Armour
 + Level 11.1 Dodging
 - Level 2.1 Stealth
   Level 9.0 Shields
 + Level 16.8 Spellcasting
 - Level 15.0 Conjurations
 - Level 13.0 Charms
 - Level 4.0 Necromancy
 - Level 2.0 Transmutations
 * Level 11.3 Fire Magic
 - Level 3.0 Ice Magic
 + Level 1.3 Air Magic
   Level 1.0 Poison Magic
 - Level 14.0 Invocations
 - Level 5.0 Evocations


You couldn't memorise any spells.
You knew the following spells:

 Your Spells              Type           Power        Failure   Level  Hunger
a - Flame Tongue          Conj/Fire      #####        0%          1    None
b - Conjure Flame         Conj/Fire      ########     0%          3    None
c - Deflect Missiles      Chrm/Air       #######...   7%          6    #......
d - Sticky Flame          Conj/Fire      ########     1%          4    None
e - Fireball              Conj/Fire      ########..   1%          5    None
f - Irradiate             Conj/Tmut      #######...   1%          5    None
g - Throw Icicle          Conj/Ice       #######.     1%          4    None
h - Iskenderun's Mystic   Conj           ########     0%          3    None
i - Steam Barrier         Chrm/Fire      ########..   1%          5    None
j - Apportation           Tloc           ####..       1%          1    None
k - Bolt of Fire          Conj/Fire      ########..   1%          6    #......
l - Orb of Destruction    Conj           ########..   1%          7    ####...
r - Regeneration          Chrm/Necr      #######...   1%          3    None

Your spell library contained the following spells:

 Spells                   Type           Power        Failure   Level  Hunger
 Infusion                 Chrm           #######.     0%          1    None
 Magic Dart               Conj           ####         0%          1    None
 Flaming Arrows           Chrm/Fire      ########     0%          2    None
 Searing Ray              Conj           ########     0%          2    None
 Song of Slaying          Chrm           #######.     0%          2    None
 Blink Other              Tloc           ####..       1%          1    None
 Freeze                   Ice            ######       1%          1    None
 Necrotize                Necr           ######       1%          1    None
 Summon Butterflies       Summ           ####....     1%          1    None
 Summon Small Mammal      Summ           ####         1%          1    None
 Call Imp                 Summ           ####..       1%          2    None
 Corpse Rot               Necr           N/A          1%          2    None
 Ensorcelled Hibernation  Hex/Ice        #####.       1%          2    None
 Poisonous Vapours        Pois/Air       #####.       1%          2    None
 Shock                    Conj/Air       #######      1%          2    None
 Sticks to Snakes         Tmut           ######..     1%          2    None
 Swiftness                Chrm/Air       #######.     1%          2    None
 Dazzling Orbs            Conj/Hex       #######      1%          3    None
 Ignite Poison            Fire/Tmut/Pois #######.     1%          3    None
 Inner Flame              Hex/Fire       N/A          1%          3    None
 Mephitic Cloud           Conj/Pois/Air  ######..     1%          3    None
 Ozocubu's Armour         Chrm/Ice       #######.     1%          3    None
 Spectral Weapon          Hex/Chrm       ######..     1%          3    None
 Stone Arrow              Conj/Erth      ######       1%          3    None
 Vampiric Draining        Necr           ######....   1%          3    None
 Agony                    Necr           ######..     1%          4    None
 Animate Dead             Necr           N/A          1%          4    None
 Fulminant Prism          Conj/Hex       #######...   1%          4    None
 Lightning Bolt           Conj/Air       #######.     1%          4    None
 Bolt of Draining         Conj/Necr      #######...   1%          5    None
 Bolt of Magma            Conj/Fire/Erth ########..   1%          5    None
 Iskenderun's Battlesphe  Conj/Chrm      #######.     1%          5    None
 Beckoning                Tloc           ####......   2%          3    None
 Call Canine Familiar     Summ           ####....     2%          3    None
 Portal Projectile        Tloc           ####..       2%          3    None
 Tukima's Dance           Hex            ####....     2%          3    None
 Ice Form                 Ice/Tmut       ######..     3%          4    None
 Bolt of Cold             Conj/Ice       #######...   3%          6    #......
 Airstrike                Air            #####.....   4%          4    None
 Summon Ice Beast         Ice/Summ       #####...     4%          4    None
 Dispel Undead            Necr           ######..     4%          5    None
 Conjure Ball Lightning   Conj/Air       #######...   4%          6    #......
 Poison Arrow             Conj/Pois      #######...   4%          6    #......
 Olgreb's Toxic Radiance  Pois           #####....    5%          4    None
 Iron Shot                Conj/Erth      #######...   6%          6    #......
 Summon Scorpions         Summ/Pois      #####...     7%          4    None
 Cause Fear               Hex            ####......   9%          4    None
 Force Lance              Tloc           ####....     9%          4    None
 Freezing Cloud           Ice/Air        ######..     10%         5    None
 Silence                  Hex/Air        #####.....   17%         5    None
 Summon Lightning Spire   Summ/Air       #####...     17%         5    None
 Icicle Burst             Conj/Ice       #######...   17%         7    ####...
 Passage of Golubria      Tloc           N/A          22%         5    None
 Mana Rupture             Conj/Hex       #######...   32%         7    ####...
 Spellforged Servitor     Conj/Summ      #######...   32%         7    ####...
 Ignition                 Fire           ########..   45%         8    #####..
 Virulence                Hex/Pois       #####...     71%         6    #......
 Aura of Abjuration       Summ           ####......   77%         6    #......
 Dispersal                Tloc           ####......   77%         6    #......
 Invisibility             Hex            ####....     77%         6    #......
 Chain Lightning          Conj/Air       #######...   88%         8    #####..
 Lehudib's Crystal Spear  Conj/Erth      #######...   94%         8    #####..
 Dragon Form              Tmut           ######.      97%         7    ####...
 Haunt                    Necr/Summ      ######....   97%         7    ####...
 Time Stop                Chrm/Tloc      N/A          98%         8    #####..
 Fire Storm               Conj/Fire      ########..   98%         9    ######.
 Controlled Blink         Tloc           ####....     100%        7    ####...
 Malign Gateway           Summ/Tloc      ####......   100%        7    ####...
 Monstrous Menagerie      Summ           ####......   100%        7    ####...
 Summon Greater Demon     Summ           ####......   100%        7    ####...
 Necromutation            Tmut/Necr      ######..     100%        8    #####..
 Summon Horrible Things   Summ           ####......   100%        8    #####..
 Tornado                  Tloc/Air       #####.....   100%        8    #####..
 Dragon's Call            Summ           ####......   100%        9    ######.


Dungeon Overview and Level Annotations

Branches:
Dungeon (12/12)            Temple (1/1) D:6            Lair (6/6) D:8
 Shoals (3/3) Lair:4        Snake (3/3) Lair:3        Slime (0/5) Orc
    Orc (1/1) D:8             Elf (0/3) Lair:5       Vaults (2/3) D:11
  Crypt (0/2) Vaults:1     Depths (0/5) D:12

Altars:
Ashenzari
Cheibriados
Dithmenos
Elyvilon
Fedhas
Gozag
Hepliaklqana
Kikubaaqudgha
Lugonu
Makhleb
Nemelex Xobeh
Okawaru
Qazlal
Ru
Sif Muna
Trog
Uskayaw
Vehumet
Wu Jian
Xom
Yredelemnul
Zin
The Shining One
Jiyva

Shops:
D:8 (   D:10 [   Orc [%:?:   Vaults:2 ?

Annotations:
Vaults:2 Xtahua


Innate Abilities, Weirdness & Mutations

You can fly continuously.
You are surrounded by a mild repulsion field. (EV +2)
You can translocate small distances at will.
Your flesh is cold resistant. (rC+)
You are frail. (-10% HP)
Your muscles are strong. (Str +2)


Message History

Okay, then.
Casting: Steam Barrier (safe; 1% risk of failure)
Confirm with . or Enter, or press ? or * to list all spells.
You can't see any susceptible monsters within range! (Use Z to cast anyway.)
Casting: Steam Barrier (safe; 1% risk of failure)
Confirm with . or Enter, or press ? or * to list all spells.
Aiming: Orb of Destruction (safe; 1% risk of failure)
Press: ? - help, Shift-Dir - straight line The ironheart convoker is engulfed in a cloud of scalding steam.
Casting: Orb of Destruction (safe; 1% risk of failure)
Confirm with . or Enter, or press ? or * to list all spells.
You can't see any susceptible monsters within range! (Use Z to cast anyway.)
Casting: Orb of Destruction (safe; 1% risk of failure)
Confirm with . or Enter, or press ? or * to list all spells.
Aiming: Orb of Destruction (safe; 1% risk of failure)
Press: ? - help, Shift-Dir - straight line Xtahua breathes magma at you.
A raging storm of fire appears!
You partially resist. The great blast of fire engulfs you!!!
You die...

##......#####..8..#
##.....###...##...##
#.....'#.....##...##
##....##......#.....#
#....##.).....#######
#....#§§...####
##...##§§..##..#
#....#.§§.'#...#
#....#@§).#..(.#
#....#☼○..#....#
#######☼########
#*E§.....# #).○.°.°.#
#..○≈v≈°.# #...○DEv.#
##### #...≈*e≈H#
#.... #...°°≈D.#
#∩!..


You could see Xtahua, a deep elf knight and a friendly water elemental.

Vanquished Creatures
  Bai Suzhen (Vaults:2)
  Saint Roka (Snake:1)
  Frederick (Vaults:2)
  A tentacled monstrosity (Vaults:2)
  Frances (D:10)
  Jorgrun (Snake:1)
  2 krakens
  Polyphemus (Shoals:2)
  8 nagarajas
  Aizul (Snake:1)
  A vault warden (Vaults:2)
  A deep elf sorcerer (Vaults:2)
  2 fire giants (Vaults:2)
  A very ugly thing (Vaults:2)
  A stone giant (Vaults:2)
  6 ironheart preservers
  4 dire elephants
  7 merfolk javelineers
  5 merfolk impalers
  3 yaktaur captains
  Josephine (Lair:6)
  4 vault guards (D:11)
  A great orb of eyes (Vaults:1)
  11 naga warriors
  2 alligator snapping turtles
  Erolcha (D:12)
  7 hydras
  9 anacondas
  An ice dragon (Vaults:1)
  3 merfolk avatars
  8 two-headed ogres
  2 merfolk aquamancers (Shoals:3)
  3 catoblepae
  A satyr (Shoals:3)
  2 death knights
  A shadow wraith (Vaults:2)
  2 deep troll earth magi (Vaults:1)
  2 deep troll shamans (Vaults:1)
  11 death yaks
  5 ogre magi
  An ironheart beastmaster (Vaults:2)
  A dancing weapon (Vaults:2)
  8 naga sharpshooters
  14 sea snakes
  5 shock serpents
  3 deep elf knights
  6 deep trolls
  15 centaur warriors
  9 slime creatures
  A fire crab (Shoals:2)
  A salamander mystic (Snake:3)
  A deep elf archer (Vaults:1)
  A skeletal warrior (Vaults:2)
  A flayed ghost (Vaults:2)
  4 wizards
  4 cyclopes
  5 ironheart convokers
  4 naga ritualists (Snake:3)
  3 phantasmal warriors
  5 harpies (Shoals:1)
  2 orc knights (Orc)
  4 lindwurms
  8 fauns
  A necromancer (Vaults:1)
  6 salamanders
  3 mana vipers
  An oklob plant (Lair:1)
  An orc sorcerer (Orc)
  28 ugly things
  6 deep elf magi
  13 elephants
  A black mamba (shapeshifter) (Vaults:1)
  13 manticores
  11 merfolk sirens
  4 vault sentinels
  5 water nymphs
  23 black mambas
  30 naga magi
  A water nymph (shapeshifter) (Vaults:1)
  2 cane toads (shapeshifter) (D:12)
  3 guardian serpents
  16 cane toads
  4 rime drakes
  A gargoyle (D:10)
  8 yaktaurs (Vaults:2)
  2 kobold demonologists (D:11)
  A komodo dragon (shapeshifter) (D:11)
  2 freezing wraiths (Vaults:2)
  7 komodo dragons
  An eye of draining (D:11)
  A tengu conjurer (Vaults:2)
  A harpy zombie (D:11)
  17 merfolk
  7 trolls
  3 meliai (D:9)
  10 polar bears
  5 wind drakes
  A hornet (D:11)
  A raiju (Lair:6)
  17 blink frogs
  9 hippogriffs
  10 dream sheep
  3 snapping turtles
  10 wraiths
  A tarantella (shapeshifter) (D:12)
  28 yaks
  2 shadows
  3 wyverns
  5 water elementals
  4 basilisks
  A golden eye (shapeshifter) (D:11)
  2 hungry ghosts
  Eustachio (D:4)
  A basilisk (shapeshifter) (Vaults:2)
  6 wargs
  Menkaure (D:4)
  43 nagas
  22 water moccasins
  15 crocodiles
  16 hell hounds (Lair:6)
  5 porcupines
  3 sky beasts
  A floating eye (shapeshifter) (Vaults:2)
  35 orc warriors
  14 black bears
  2 hornet zombies
  A necrophage (D:8)
  3 ice beasts
  3 phantoms
  24 wolves
  3 boggarts (D:12)
  15 ogres
  20 bullfrogs
  2 kobold brigands
  An elf simulacrum (Vaults:1)
  A human simulacrum (Vaults:2)
  19 centaurs
  9 scorpions (Ossuary)
  A killer bee (D:11)
  5 electric eels
  4 howler monkeys
  13 orc priests
  8 crimson imps
  A wolf skeleton (D:10)
  A lava snake (Lair:6)
  10 hounds
  A bullfrog zombie (D:8)
  3 jellies
  3 human zombies (Ossuary)
  4 bullfrog skeletons
  4 iguanas
  12 orc wizards
  10 worker ants
  A hound zombie (D:7)
  3 mummies (Ossuary)
  2 worker ant zombies (D:10)
  Robin (D:2)
  2 centaur zombies (Ossuary)
  4 gnolls (D:3)
  3 scorpion zombies (Ossuary)
  21 adders
  2 river rats (D:3)
  5 shadow imps
  An adder zombie (D:8)
  3 adder skeletons
  5 worms
  2 dart slugs
  3 leopard geckos
  61 orcs
  9 ball pythons
  3 giant cockroaches
  A gnoll zombie (Ossuary)
  12 goblins
  13 hobgoblins
  13 jackals
  12 kobolds
  7 quokkas
  6 frilled lizards
  A goblin zombie (Ossuary)
  2 hobgoblin zombies (Ossuary)
  A jackal zombie (D:3)
  6 kobold zombies (Ossuary)
  3 orc zombies (Ossuary)
  A quokka zombie (D:6)
  9 rats
  2 fungi
  6 plants
  4 tentacles (Shoals:1)
1143 creatures vanquished.

Vanquished Creatures (collateral kills)
  A centaur warrior (Vaults:2)
  A wind drake (Shoals:1)
2 creatures vanquished.

Vanquished Creatures (others)
  A polar bear (Lair:6)
  A hippogriff (Lair:3)
  An adder (D:6)
  2 orcs
  17 fungi
  85 plants
  9 tentacles
116 creatures vanquished.

Grand Total: 1261 creatures vanquished

Notes
Turn   | Place    | Note
-------+----------+-------------------------------------------
     0 | D:1      | Lexodia the Avariel Fire Elementalist began the quest for
                  | the Orb.
     0 | D:1      | Reached XP level 1. HP: 10/10 MP: 6/6
   249 | D:1      | Reached XP level 2. HP: 15/15 MP: 3/7
   315 | D:1      | Reached skill level 3 in Spellcasting
   817 | D:1      | Reached XP level 3. HP: 19/19 MP: 6/9
  1084 | D:2      | Noticed Robin
  1102 | D:2      | Killed Robin
  1111 | D:2      | Reached skill level 1 in Shields
  1142 | D:2      | Reached XP level 4. HP: 17/24 MP: 1/11
  1217 | D:2      | Noticed an ogre
  1222 | D:2      | Learned a level 3 spell: Conjure Flame
  1254 | D:2      | Killed an ogre
  1255 | D:2      | Reached skill level 4 in Spellcasting
  1255 | D:2      | Reached XP level 5. HP: 22/28 MP: 2/13
  1740 | D:3      | Reached XP level 6. HP: 28/32 MP: 1/14
  1744 | D:3      | Learned a level 3 spell: Inner Flame
  1749 | D:3      | Learned a level 4 spell: Sticky Flame
  2023 | D:3      | Gained mutation: You are partially covered in iridescent
                  | scales. (AC +2) [potion of mutation]
  2023 | D:3      | Gained mutation: You are dopey. (Int -2) [potion of
                  | mutation]
  2023 | D:3      | Gained mutation: You have large cloven feet. [potion of
                  | mutation]
  2122 | D:3      | Reached skill level 5 in Fire Magic
  2548 | D:4      | Reached XP level 7. HP: 33/36 MP: 9/16
  2682 | D:4      | Reached skill level 5 in Spellcasting
  2682 | D:4      | Reached skill level 5 in Conjurations
  2796 | D:4      | Noticed Eustachio
  2804 | D:4      | Learned a level 5 spell: Fireball
  2881 | D:4      | Killed Eustachio
  3166 | D:4      | Noticed Menkaure
  3170 | D:4      | Killed Menkaure
  3171 | D:4      | Reached skill level 6 in Spellcasting
  3171 | D:4      | Reached XP level 8. HP: 41/41 MP: 13/19
  3895 | D:5      | Entered Level 5 of the Dungeon
  3963 | D:5      | Reached skill level 7 in Spellcasting
  4112 | D:5      | Found a blossoming altar of Fedhas.
  4191 | D:5      | HP: 1/41 [orc warrior/+0 halberd (5)]
  4359 | D:5      | Found a glowing golden altar of the Shining One.
  4456 | D:5      | Reached skill level 8 in Spellcasting
  4918 | D:6      | Gained mutation: You can fly continuously. [Avariel growth]
  4918 | D:6      | Reached XP level 9. HP: 46/46 MP: 15/23
  4925 | D:6      | Lost mutation: You are dopey. (Int -2) [potion of mutation]
  4925 | D:6      | Lost mutation: You have large cloven feet. [potion of
                  | mutation]
  4925 | D:6      | Lost mutation: You are partially covered in iridescent
                  | scales. (AC +2) [potion of mutation]
  4925 | D:6      | Gained mutation: You are surrounded by a mild repulsion
                  | field. (EV +2) [potion of mutation]
  4925 | D:6      | Gained mutation: Your spells are a little easier to cast,
                  | but a little less powerful. [potion of mutation]
  4925 | D:6      | Gained mutation: You can translocate small distances at
                  | will. [potion of mutation]
  4926 | D:6      | Lost mutation: Your spells are a little easier to cast, but
                  | a little less powerful. [potion of mutation]
  4926 | D:6      | Gained mutation: Your muscles are strong. (Str +2) [potion
                  | of mutation]
  4926 | D:6      | Gained mutation: You are frail. (-10% HP) [potion of
                  | mutation]
  4926 | D:6      | Gained mutation: Your flesh is cold resistant. (rC+)
                  | [potion of mutation]
  5036 | D:6      | Reached skill level 1 in Fighting
  5047 | D:6      | Found a sacrificial altar of Ru.
  5226 | D:6      | Found a staircase to the Ecumenical Temple.
  5235 | Temple   | Entered the Ecumenical Temple
  6519 | D:7      | Noticed a two-headed ogre
  6536 | D:7      | Killed a two-headed ogre
  6537 | D:7      | Reached skill level 5 in Shields
  6537 | D:7      | Reached skill level 5 in Fighting
  6721 | D:7      | Found a hide-covered altar of Uskayaw.
  6871 | D:7      | Reached XP level 10. HP: 43/54 MP: 19/24
  6918 | D:7      | Found a white marble altar of Elyvilon.
  6926 | D:7      | Found a bloodstained altar of Trog.
  6926 | D:7      | Found a shimmering blue altar of Sif Muna.
  6927 | D:7      | Found a corrupted altar of Lugonu.
  6927 | D:7      | Found a basalt altar of Yredelemnul.
  6931 | D:7      | Found a stormy altar of Qazlal.
  6935 | D:7      | Became a worshipper of Sif Muna the Loreminder
  7409 | D:8      | Reached skill level 1 in Invocations
  7691 | D:8      | Found Holuoq's Weapon Shoppe.
  7713 | D:8      | Reached * piety under Sif Muna
  7867 | D:8      | Found a sand-covered staircase.
  7877 | Ossuary  | Entered an ossuary
  8022 | Ossuary  | Identified Sif Muna's Tome of Shifting Snow (Sif Muna
                  | gifted it to you in an ossuary)
  8022 | Ossuary  | Received a gift from Sif Muna
  8424 | Ossuary  | Reached ** piety under Sif Muna
  8425 | Ossuary  | Reached skill level 9 in Spellcasting
  8586 | D:8      | Reached skill level 10 in Conjurations
  8626 | D:8      | Noticed a cyclops
  8768 | D:8      | Killed a cyclops
  8840 | D:8      | Found a staircase to the Orcish Mines.
  8942 | D:8      | Found a staircase to the Lair.
  9175 | D:9      | Reached XP level 11. HP: 35/57 MP: 20/26
  9178 | D:9      | Reached skill level 10 in Spellcasting
  9178 | D:9      | Reached skill level 5 in Invocations
  9302 | D:9      | Found a glowing silver altar of Zin.
  9436 | D:9      | Reached *** piety under Sif Muna
  9789 | D:9      | Noticed a two-headed ogre
  9802 | D:9      | Killed a two-headed ogre
  9803 | D:9      | Reached skill level 1 in Evocations
  9933 | D:9      | Learned a level 5 spell: Irradiate
 10281 | D:10     | Entered Level 10 of the Dungeon
 10281 | D:10     | Found Ixtaperauh's Armour Emporium.
 10334 | D:10     | Reached skill level 1 in Transmutations
 10335 | D:10     | Noticed a centaur warrior
 10494 | D:10     | Noticed a white ugly thing
 10494 | D:10     | Noticed a two-headed ogre
 10543 | D:10     | Reached **** piety under Sif Muna
 10592 | D:10     | Bought the +2 cloak "Plog" {rPois rF+ rC- Int+3} for 448
                  | gold pieces
 10624 | Lair:1   | Entered Level 1 of the Lair of Beasts
 11139 | Lair:1   | Identified Ompae's Almanac of Icy Necromancy (Sif Muna
                  | gifted it to you on level 1 of the Lair of Beasts)
 11139 | Lair:1   | Received a gift from Sif Muna
 11145 | Lair:1   | Learned a level 4 spell: Throw Icicle
 11184 | Lair:1   | Reached XP level 12. HP: 54/63 MP: 7/28
 11276 | Lair:1   | Reached skill level 11 in Spellcasting
 11546 | Lair:1   | Reached skill level 1 in Ice Magic
 11656 | Lair:1   | Got a slimy marble ring
 11905 | Lair:2   | HP: 2/63 [poisoned by a black mamba]
 12090 | Lair:2   | Identified the ring "Xediol" {+Fly rC+} (You found it on
                  | level 1 of the Lair of Beasts)
 12336 | Lair:2   | Reached ***** piety under Sif Muna
 12566 | Lair:2   | Reached skill level 5 in Evocations
 13480 | Lair:3   | Found a staircase to the Snake Pit.
 13749 | Lair:3   | Learned a level 3 spell: Mephitic Cloud
 14111 | Lair:4   | Learned a level 5 spell: Steam Barrier
 14169 | Lair:4   | Noticed a six-headed hydra
 14174 | Lair:4   | Killed a six-headed hydra
 14235 | Lair:4   | Reached skill level 1 in Air Magic
 14259 | Lair:4   | Reached skill level 1 in Poison Magic
 14889 | Lair:4   | Found a staircase to the Shoals.
 14897 | Lair:4   | Reached skill level 12 in Spellcasting
 15059 | Lair:4   | Reached skill level 5 in Dodging
 15059 | Lair:4   | Reached XP level 13. HP: 63/66 MP: 19/31
 15244 | Lair:4   | Got a glimmering lajatang
 15246 | Lair:4   | Identified the +7 lajatang of Instinct {holy, +Rage rElec
                  | Int+6 Stlth-} (You found it on level 4 of the Lair of
                  | Beasts)
 15758 | Lair:5   | Found a staircase to the Elven Halls.
 16006 | Lair:5   | Got an ichor-stained whip
 16007 | Lair:5   | Identified the +6 whip of Vaunkuviogh {elec, *Rage MR-
                  | Str+10} (You found it on level 5 of the Lair of Beasts)
 16217 | Lair:5   | Reached skill level 1 in Staves
 16240 | Lair:5   | Reached skill level 5 in Staves
 16460 | Lair:5   | Reached skill level 1 in Armour
 16472 | Lair:5   | Learned a level 3 spell: Regeneration
 16525 | Lair:5   | Identified Sif Muna's Grimoire of the Hurtful Voyage (Sif
                  | Muna gifted it to you on level 5 of the Lair of Beasts)
 16525 | Lair:5   | Received a gift from Sif Muna
 16589 | Lair:5   | Reached skill level 1 in Charms
 16648 | Lair:5   | Reached skill level 1 in Necromancy
 17004 | Lair:6   | Entered Level 6 of the Lair of Beasts
 17137 | Lair:6   | Reached ****** piety under Sif Muna
 17197 | Lair:6   | Reached XP level 14. HP: 72/72 MP: 11/32
 17648 | Lair:6   | Got a vibrating bronze ring
 17650 | Lair:6   | Identified the ring "Vucsaiq" {MR+ Str+3} (You found it on
                  | level 6 of the Lair of Beasts)
 17883 | Lair:6   | Reached skill level 5 in Charms
 18591 | Lair:6   | Identified Sif Muna's Volume of Supportive Orientation (Sif
                  | Muna gifted it to you on level 6 of the Lair of Beasts)
 18591 | Lair:6   | Received a gift from Sif Muna
 19044 | Lair:6   | Reached XP level 15. HP: 60/79 MP: 6/33
 19055 | Lair:6   | Reached skill level 10 in Invocations
 19212 | Lair:6   | Got a coiled lapis lazuli ring
 19215 | Lair:6   | Identified the ring "Jonyiler" {Str+4 Stlth++} (You found
                  | it on level 6 of the Lair of Beasts)
 19243 | Lair:6   | Noticed Josephine
 19251 | Lair:6   | Killed Josephine
 19675 | Shoals:1 | Entered Level 1 of the Shoals
 20171 | Shoals:1 | Noticed a kraken
 20179 | Shoals:1 | Killed a kraken
 20469 | Shoals:1 | Received a gift from Sif Muna
 21172 | Shoals:2 | Reached skill level 13 in Spellcasting
 21533 | Shoals:2 | Noticed Polyphemus
 21553 | Shoals:2 | Killed Polyphemus
 22128 | Shoals:2 | Noticed a kraken
 22139 | Shoals:2 | Killed a kraken
 22140 | Shoals:2 | Reached skill level 10 in Fire Magic
 22140 | Shoals:2 | Reached XP level 16. HP: 84/86 MP: 7/35
 22316 | Shoals:3 | Entered Level 3 of the Shoals
 22754 | Shoals:3 | Learned a level 1 spell: Apportation
 22835 | Shoals:3 | Reached skill level 10 in Fighting
 22931 | Shoals:3 | Got a shimmering pewter amulet
 22978 | Shoals:3 | Identified the amulet "Fimefukad" {Inacc rElec rF+ MR-}
                  | (You found it on level 3 of the Shoals)
 22978 | Shoals:3 | Got a barnacled rune of Zot
 23113 | Shoals:3 | Identified Sif Muna's Collected Works on Attacks (Sif Muna
                  | gifted it to you on level 3 of the Shoals)
 23113 | Shoals:3 | Received a gift from Sif Muna
 23276 | Shoals:3 | Reached skill level 10 in Dodging
 23388 | Shoals:3 | Identified the +9 plate armour "Muloz" {Dex+5}
 23968 | Shoals:3 | Reached XP level 17. HP: 91/91 MP: 36/36
 23970 | Shoals:3 | Reached skill level 14 in Spellcasting
 23970 | Shoals:3 | Reached XP level 18. HP: 96/96 MP: 36/38
 24281 | Orc      | Entered the Orcish Mines
 24679 | D:8      | Learned a level 6 spell: Bolt of Fire
 24744 | Orc      | Identified Avasysec's Collected Works on Combat Magic (Sif
                  | Muna gifted it to you in the Orcish Mines)
 24744 | Orc      | Received a gift from Sif Muna
 24885 | Orc      | Found Mebu's Armour Emporium.
 24887 | Orc      | Found a viscous altar of Jiyva.
 24887 | Orc      | Found a staircase to the Slime Pits.
 24968 | Orc      | Found Xieco's Magic Scroll Shop.
 24968 | Orc      | Found Arghufue's Book Emporium.
 24970 | Orc      | Found Xaewniuh's Food Shoppe.
 24991 | Orc      | Found Vaecryan's Book Boutique.
 25012 | Orc      | Bought a scroll of immolation for 45 gold pieces
 25691 | Snake:1  | Entered Level 1 of the Snake Pit
 25727 | Snake:1  | Noticed Jorgrun
 25730 | Snake:1  | Killed Jorgrun
 25756 | Snake:1  | Reached skill level 10 in Staves
 25857 | Snake:1  | Noticed Aizul
 25861 | Snake:1  | Killed Aizul
 25943 | Snake:1  | Noticed Saint Roka
 25964 | Snake:1  | Killed Saint Roka
 25967 | Snake:1  | Reached XP level 19. HP: 31/100 MP: 5/39
 26221 | Snake:1  | Identified the +8 falchion of Arohoapn {slice, -Tele rElec
                  | rPois Int-3}
 27365 | Snake:2  | Identified Sif Muna's Volume of Confrontation and Sinister
                  | Arts (Sif Muna gifted it to you on level 2 of the Snake
                  | Pit)
 27365 | Snake:2  | Received a gift from Sif Muna
 27377 | Snake:2  | Learned a level 3 spell: Iskenderun's Mystic Blast
 28445 | Snake:3  | Entered Level 3 of the Snake Pit
 28597 | Snake:3  | Reached skill level 10 in Charms
 28985 | Snake:3  | Reached skill level 15 in Spellcasting
 29214 | Snake:3  | Got a serpentine rune of Zot
 29226 | Snake:3  | Received a gift from Sif Muna
 29805 | D:10     | Noticed Frances
 29814 | D:10     | Killed Frances
 31051 | D:11     | Found a gate to the Vaults.
 31055 | D:11     | Reached XP level 20. HP: 105/105 MP: 29/41
 31515 | D:11     | Identified the cursed +1 whip "Ugrueb" {vamp, rF- Int+3
                  | Dex+7}
 31875 | D:12     | Entered Level 12 of the Dungeon
 32007 | D:12     | Noticed Erolcha
 32008 | D:12     | Killed Erolcha
 32341 | D:12     | Found a shattered altar of Ashenzari.
 32717 | D:12     | Reached skill level 16 in Spellcasting
 32747 | D:12     | Identified the cursed ring "Ceni" {Ice Int+3}
 32828 | D:12     | Found a staircase to the Depths.
 32973 | Vaults:1 | Entered Level 1 of the Vaults
 32977 | Vaults:1 | Identified Sif Muna's Guide on Assistive Arcane Weapons
                  | (Sif Muna gifted it to you on level 1 of the Vaults)
 32977 | Vaults:1 | Received a gift from Sif Muna
 32990 | Vaults:1 | Learned a level 7 spell: Orb of Destruction
 33497 | Vaults:1 | Identified the cursed +0 buckler "Qaeklulo" {*Slow rPois
                  | MR++ Regen+}
 33580 | Vaults:1 | Identified the ring of Virtue {rF+ Str-5 Dex+4 Stlth--}
 33827 | Vaults:1 | Found a staircase to the Crypt.
 33932 | Vaults:1 | Identified a scroll of acquirement
 33933 | Vaults:1 | Identified the +3 shortbow "Budoh" {seek, Dex+6} (You
                  | acquired it on level 1 of the Vaults)
 33933 | Vaults:1 | Identified the +0 pair of gloves "Dadi" {rPois Str+2} (You
                  | acquired it on level 1 of the Vaults)
 33933 | Vaults:1 | Identified the amulet "Matiffuc" {RegenMP rPois rC+} (You
                  | acquired it on level 1 of the Vaults)
 34471 | Vaults:2 | Noticed Bai Suzhen
 34474 | Vaults:2 | Killed Bai Suzhen
 34489 | Vaults:2 | Identified Sif Muna's Incunabulum of the Volcanoes and
                  | Envenoming (Sif Muna gifted it to you on level 2 of the
                  | Vaults)
 34489 | Vaults:2 | Received a gift from Sif Muna
 34657 | Vaults:2 | Reached XP level 21. HP: 57/110 MP: 23/43
 34697 | Vaults:2 | Reached skill level 15 in Conjurations
 34800 | Vaults:2 | Found Nialuwn's Magic Scroll Emporium.
 34827 | Vaults:2 | Bought a scroll of silence for 90 gold pieces
 34827 | Vaults:2 | Bought a scroll of fear for 60 gold pieces
 34827 | Vaults:2 | Bought a scroll of revelation for 48 gold pieces
 34986 | Vaults:2 | Noticed Frederick
 34990 | Vaults:2 | Killed Frederick
 34999 | Vaults:2 | Learned a level 6 spell: Deflect Missiles
 35163 | Vaults:2 | Identified Sif Muna's Papyrus of Necromancy and Conjuration
                  | (Sif Muna gifted it to you on level 2 of the Vaults)
 35163 | Vaults:2 | Received a gift from Sif Muna
 35174 | Vaults:2 | Noticed Xtahua
 35190 | Vaults:2 | Killed from afar by Xtahua

Skill      XL: |  1  2  3  4  5  6  7  8  9 10 11 12 13 14 15 16 17 18 19 20 21 |
---------------+----------------------------------------------------------------+-----
Spellcasting   | 3 4 6 8 9 10 12 13 14 15 16 | 16.8
Conjurations   | 2 3 4 6 8 9 10 11 12 13 14 15 | 15.0
Shields        | 1 2 3 5 6 7 8 9 |  9.0
Fire Magic     | 4 5 6 7 8 9 10 11 | 11.3
Fighting       | 5 6 8 9 10 | 10.6
Dodging        | 3 5 6 8 9 10 11 | 11.1
Invocations    | 4 6 8 9 10 11 12 14 | 14.0
Evocations     | 3 5 |  5.0
Transmutations | 1 2 |  2.0
Ice Magic      | 3 |  3.0
Air Magic      | 1 |  1.3
Poison Magic   | 1 |  1.0
Staves         | 5 6 7 8 9 10 12 14 | 14.9
Armour         | 2 3 |  3.0
Charms         | 3 5 7 8 9 11 12 13 | 13.0
Necromancy     | 2 3 4 |  4.0
Stealth        | |  2.1

Action                   |  1- 3 |  4- 6 |  7- 9 | 10-12 | 13-15 | 16-18 | 19-21 || total
-------------------------+-------+-------+-------+-------+-------+-------+-------++-------
Melee: Unarmed           |     5 |       |       |       |       |       |       ||     5
       Staff             |    25 |    16 |       |       |       |       |       ||    41
       Halberd           |       |    14 |    58 |       |       |       |       ||    72
       Flail             |       |       |   135 |   365 |       |       |       ||   500
       Lajatang          |       |       |       |       |   363 |    99 |   349 ||   811
Throw: Stone             |     7 |    48 |     8 |       |       |       |       ||    63
       Tomahawk          |       |       |    14 |    16 |     1 |       |       ||    31
 Cast: Flame Tongue      |    59 |    94 |    85 |   181 |    25 |     9 |     5 ||   458
       Conjure Flame     |       |     3 |     8 |    50 |     2 |     2 |     9 ||    74
       Fireball          |       |       |    20 |    39 |    63 |    50 |   112 ||   284
       Sticky Flame      |       |       |    13 |    30 |    46 |     9 |     7 ||   105
       Inner Flame       |       |       |     2 |     3 |     2 |       |     1 ||     8
       Throw Icicle      |       |       |       |    79 |   131 |    76 |   104 ||   390
       Mephitic Cloud    |       |       |       |     2 |     1 |       |       ||     3
       Steam Barrier     |       |       |       |       |    39 |    15 |    11 ||    65
       Regeneration      |       |       |       |       |    49 |    19 |    22 ||    90
       Irradiate         |       |       |       |       |    13 |     5 |     3 ||    21
       Apportation       |       |       |       |       |       |     2 |       ||     2
       Bolt of Fire      |       |       |       |       |       |    16 |   102 ||   118
       Iskenderun's Myst |       |       |       |       |       |       |     9 ||     9
       Orb of Destructio |       |       |       |       |       |       |     5 ||     5
Invok: Divine Energy     |       |       |       |     2 |     6 |     4 |       ||    12
       Channel Magic     |       |       |       |       |    11 |     7 |    19 ||    37
 Abil: Blink             |       |       |     1 |     2 |       |       |       ||     3
       Evoke Berserk Rag |       |       |       |       |     1 |       |       ||     1
Evoke: Wand              |       |       |     4 |       |     1 |       |       ||     5
       Phial of floods   |       |       |       |       |     1 |       |     1 ||     2
  Use: Scroll            |       |     8 |     1 |    11 |     5 |     4 |     4 ||    33
       Potion            |       |     1 |     5 |     6 |     1 |     5 |     8 ||    26
 Stab: Sleeping          |       |     2 |     4 |     1 |     1 |       |       ||     8
       Confused          |       |       |       |     1 |       |       |       ||     1
       Distracted        |       |       |       |       |     1 |       |     1 ||     2
       Invisible         |       |       |       |       |       |     4 |       ||     4
  Eat: Chunk             |     1 |    10 |    33 |    47 |    50 |    24 |    44 ||   209
       Ration            |       |       |       |     2 |       |       |     3 ||     5
Armor: Robe              |    23 |    20 |   107 |   117 |   175 |    43 |    99 ||   584
       Skin              |       |       |       |    11 |       |       |       ||    11
Dodge: Dodged            |    46 |    49 |   189 |   354 |   616 |   218 |   478 ||  1950
Block: Buckler           |       |       |    46 |   143 |       |       |       ||   189
       Reflection        |       |       |       |     1 |       |       |       ||     1
       Other             |       |       |       |       |     5 |       |       ||     5
